 Dungeon Crawl Stone Soup version 0.30.0 (webtiles) character file.

Game seed: 6987735100626470252

23982 jagoly the Nimble (level 13, -4/118 HPs)
             Began as a Meteoran Earth Elementalist on May 9, 2023.
             Was a Priest of Sif Muna.
             Slain by a skyshark (5 damage)
             ... on level 5 of the Lair of Beasts.
             The game lasted 01:43:23 (5026 turns).

jagoly the Nimble (Meteoran Earth Elementalist)     Turns: 5026, Time: 01:43:23

Health: -4/118     AC:  6    Str: 12    XL:     13   Next: 74%
Magic:  26/26      EV: 20    Int: 21    God:    Sif Muna [***...]
Gold:   622        SH:  0    Dex: 20    Spells: 18/28 levels left

rFire   + + .        a - +3 short sword (venom)
rCold   + . .        (no shield)
rNeg    . . .        E - +0 troll leather armour
rPois   .            h - +0 helmet
rElec   .            o - scarf {rC+ rF+}
rCorr   .            (no gloves)
SInv    .            P - +0 pair of boots
Will    +....        T - amulet of regeneration
Stlth   +            s - ring of protection from fire
HPRegen 1.99/turn    V - +6 ring of dexterity
MPRegen 0.20/turn

%: no passive effects
@: hasted, glowing, slow
A: sense surroundings 2, otherworldly, glowing, explore regen
a: Renounce Religion, Channel Magic, Forget Spell


You were on level 5 of the Lair of Beasts.
You worshipped Sif Muna.
Sif Muna was most pleased with you.
You visited 3 branches of the dungeon, and saw 16 of its levels.

You collected 622 gold pieces.

Inventory:

Hand Weapons
 a - a +3 short sword of venom (weapon)
 b - the +7 flail of Doomed Absolution {drain, rC+ rCorr}
   (You found it on level 4 of the Lair of Beasts)

   rC:        It protects you from cold.
   rCorr:     It protects you from acid and corrosion.
Missiles
 c - 7 boomerangs
 g - 42 stones (quivered)
 n - 2 throwing nets
 x - 10 poisoned darts
 R - 2 curare-tipped darts
Armour
 h - a +0 helmet (worn)
 o - a scarf of resistance (worn)
 E - a +0 troll leather armour (worn)
 P - a +0 pair of boots (worn)
 U - a scarf of resistance
Jewellery
 i - a ring of see invisible
 p - a ring of protection from cold
 s - a ring of protection from fire (left hand)
 T - an amulet of regeneration (around neck)
 V - a +6 ring of dexterity (right hand)
Wands
 r - a wand of flame (23)
 w - a wand of mindburst (7)
 G - a wand of digging (2)
 I - a wand of iceblast (4)
Scrolls
 f - 3 scrolls of brand weapon
 u - 2 scrolls of poison
 y - 3 scrolls of vulnerability
 B - a scroll of magic mapping
 D - a scroll of enchant weapon {unknown}
 H - a scroll of acquirement {unknown}
 L - 3 scrolls of amnesia
 M - a scroll of blinking {unknown}
 N - a scroll of immolation {unknown}
 Q - a scroll of noise {unknown}
 S - 4 scrolls of enchant armour {unknown}
Potions
 e - 4 potions of heal wounds
 j - 6 potions of flight
 k - a potion of degeneration {unknown}
 l - a potion of cancellation
 t - a potion of magic
 v - 2 potions of invisibility {unknown}
 z - 5 potions of brilliance
 A - 5 potions of curing
 C - 2 potions of attraction {unknown}
 J - 2 potions of lignification {unknown}
 O - a potion of mutation {unknown}
Miscellaneous
 K - a phial of floods (inert)


   Skills:
 - Level 12.0 Fighting
 - Level 2.0 Throwing
 - Level 12.0 Dodging
 - Level 3.0 Stealth
 - Level 8.0 Spellcasting
 - Level 8.0 Conjurations
 - Level 8.0 Transmutations
 - Level 10.0 Earth Magic
 - Level 8.0 Invocations
 + Level 5.6 Evocations


You had 18 spell levels left.
You knew the following spells:

 Your Spells              Type           Power      Damage    Failure   Level
a - Sandblast             Erth           100%       2d20      1%          1
c - Stone Arrow           Conj/Erth      92%        3d12      1%          3
p - Petrify               Tmut/Erth      46%        N/A       2%          4
w - Passwall              Tmut/Erth      38%        N/A       1%          2

Your spell library contained the following spells:

 Spells                   Type           Power      Damage    Failure   Level
 Magic Dart               Conj           100%       1d8       1%          1
 Searing Ray              Conj           84%        2d7       1%          2
 Cigotuvi's Dreadful Rot  Necr/Pois/Air  16%        N/A       16%         2
 Fulminant Prism          Conj/Hex       12%        3d8       19%         4
 Dispel Undead            Necr           8%         3d8       69%         4
 Passage of Golubria      Tloc           8%         N/A       69%         4
 Silence                  Hex/Air        4%         N/A       95%         5
 Death Channel            Necr           4%         N/A       100%        6
 Lehudib's Crystal Spear  Conj/Erth      23%        10d6      100%        8


Dungeon Overview and Level Annotations

Branches:
Dungeon (10/15) Zot: 2927  Temple (1/1) D:7 Zot: 511    Lair (5/5) D:9 Zot: 1009
  Swamp (0/4) Lair:3       Spider (0/4) Lair:2        Slime (0/5) Lair:5
    Orc (0/2) D:9

Altars:
Ashenzari
Cheibriados
Dithmenos
Fedhas
Gozag
Hepliaklqana
Kikubaaqudgha
Makhleb
Nemelex Xobeh
Okawaru
Qazlal
Ru
Sif Muna
Trog
Uskayaw
Vehumet
Wu Jian
Zin
The Shining One
Jiyva

Annotations:
Lair:5 3 runed translucent doors, Zimaveycw's ghost, journeyman OpFi


Innate Abilities, Weirdness & Mutations

You passively map the area around you.
You are easily found by Zot.
You glow in the dark.
You regain HP and MP as you explore.


Message History

The skyshark seems to slow down.
The skyshark is lightly wounded.
The skyshark struggles against the net.
Throw: 10 darts (poison)
Press: ? - help, Shift-Dir - straight line, f/p - skyshark
Aim: a skyshark (lightly wounded, entangled in a net, very poisoned, slow, 94% to hit)
You throw a poisoned dart.
The poisoned dart barely misses the skyshark.
The skyshark struggles against the net.
Throw: 9 darts (poison)
Press: ? - help, Shift-Dir - straight line, f/p - skyshark
Aim: a skyshark (lightly wounded, entangled in a net, very poisoned, slow, 94% to hit)
You throw a poisoned dart. The poisoned dart hits the skyshark.
The skyshark looks even sicker.
The skyshark is lightly wounded.
The skyshark struggles against the net.
Cast which spell? (? or * to list)
Aiming: Stone Arrow (safe; 1% risk of failure)
Press: ? - help, Shift-Dir - straight line, f/p - skyshark
Aim: a skyshark (lightly wounded, entangled in a net, very poisoned, slow, 100% to hit)
Okay, then.
Throw: 8 darts (poison)
Press: ? - help, Shift-Dir - straight line, f/p - skyshark
Aim: a skyshark (lightly wounded, entangled in a net, very poisoned, slow, 94% to hit)
You throw a poisoned dart. The poisoned dart hits the skyshark.
The skyshark is lightly wounded.
The skyshark struggles against the net.
Throw: 7 darts (poison)
Press: ? - help, Shift-Dir - straight line, f/p - skyshark
Aim: a skyshark (lightly wounded, entangled in a net, very poisoned, slow, 94% to hit)
You throw a poisoned dart. The poisoned dart hits the skyshark.
The skyshark looks as sick as possible!
The skyshark is lightly wounded.
The skyshark struggles against the net.
Cast which spell? (? or * to list)
Aiming: Stone Arrow (safe; 1% risk of failure)
Press: ? - help, Shift-Dir - straight line, f/p - skyshark
Aim: a skyshark (lightly wounded, entangled in a net, extremely poisoned, slow, 100% to hit)
The stone arrow hits the skyshark!
The skyshark is moderately wounded.
The skyshark struggles against the net.
The net rips apart, and the skyshark comes free!
Throw: 3 throwing nets
Press: ? - help, Shift-Dir - straight line, f/p - skyshark
Aim: a skyshark (moderately wounded, extremely poisoned, slow, 75% to hit)
You throw a throwing net. The throwing net hits the skyshark.
The skyshark is caught in the net!
The skyshark is moderately wounded.
The skyshark struggles against the net.
Cast which spell? (? or * to list)
Aiming: Stone Arrow (safe; 1% risk of failure)
Press: ? - help, Shift-Dir - straight line, f/p - skyshark
Aim: a skyshark (moderately wounded, entangled in a net, extremely poisoned, slow, 100% to hit)
The stone arrow hits the skyshark!!
The skyshark is severely wounded.
The skyshark struggles against the net.
Cast which spell? (? or * to list)
Aiming: Stone Arrow (safe; 1% risk of failure)
Press: ? - help, Shift-Dir - straight line, f/p - skyshark
Aim: a skyshark (severely wounded, entangled in a net, very poisoned, slow, 100% to hit)
The stone arrow hits the skyshark!
The skyshark is severely wounded.
The skyshark struggles against the net.
Cast which spell? (? or * to list)
Aiming: Stone Arrow (safe; 1% risk of failure)
Press: ? - help, Shift-Dir - straight line, f/p - skyshark
Aim: a skyshark (severely wounded, entangled in a net, very poisoned, slow, 100% to hit)
The stone arrow hits the skyshark!
The skyshark is almost dead.
The skyshark struggles against the net.
Cast which spell? (? or * to list)
Aiming: Stone Arrow (safe; 1% risk of failure)
Press: ? - help, Shift-Dir - straight line, f/p - skyshark
Aim: a skyshark (almost dead, entangled in a net, very poisoned, slow, 100% to hit)
The stone arrow hits the skyshark!
You kill the skyshark!
Sif Muna accepts your kill.
Your Invocations skill increases to level 7!
x - 9 poisoned darts (gained 3);
R - a curare-tipped dart You see here a skyshark corpse.
R - 2 curare-tipped darts (gained 1)
x - 10 poisoned darts (gained 1)
g - 42 stones (gained 1)
A rime drake comes into view.
The rime drake hisses angrily.
Cast which spell? (? or * to list)
Aiming: Stone Arrow (safe; 1% risk of failure)
Press: ? - help, Shift-Dir - straight line, f - rime drake
Aim: a rime drake (70% to hit)
The stone arrow hits the rime drake!!
The rime drake is heavily wounded.
Cast which spell? (? or * to list)
Aiming: Stone Arrow (safe; 1% risk of failure)
Press: ? - help, Shift-Dir - straight line, f/p - rime drake
Aim: a rime drake (heavily wounded, 70% to hit)
The stone arrow hits the rime drake!!
You kill the rime drake!
Sif Muna accepts your kill.
A sourceless malevolence fills the Lair of Beasts...
You fall into a shaft and drop 1 floor!
The shaft crumbles and collapses.
Level annotation: 3 runed translucent doors, Zimaveycw's ghost, journeyman OpFi
Found a lumpy orange potion.
Found a viscous altar of Jiyva.
v - 2 lumpy orange potions (gained 1)
Found a staircase to the Slime Pits.
Okay, then.
S - 4 scrolls labelled ARHUGE ISS (gained 3)
The komodo dragon hisses angrily.
Cast which spell? (? or * to list)
Aiming: Stone Arrow (safe; 1% risk of failure)
Press: ? - help, Shift-Dir - straight line, f - komodo dragon
Aim: a komodo dragon (82% to hit)
Okay, then.
Aiming: Charm
Press: ? - help, Shift-Dir - straight line, f - komodo dragon
Aim: a komodo dragon (chance to affect: 41%)
The komodo dragon resists with some effort.
Aiming: Charm
Press: ? - help, Shift-Dir - straight line, f/p - komodo dragon
Aim: a komodo dragon (chance to affect: 41%)
The komodo dragon resists with some effort.
The basilisk hisses angrily.
Aiming: Charm
Press: ? - help, Shift-Dir - straight line, f/p - komodo dragon
Aim: a komodo dragon (chance to affect: 41%)
The komodo dragon resists with some effort.
Aiming: Charm
Press: ? - help, Shift-Dir - straight line, f/p - komodo dragon
Aim: a komodo dragon (chance to affect: 41%)
The komodo dragon is charmed.
The now-empty wand crumbles to dust.
The elephant tramples you!
You hold your ground!
The elephant trunk-slaps you.
A hornet comes into view.
The elephant tramples you.
You hold your ground!
The elephant trunk-slaps you.
The elephant tramples your komodo dragon!
Your komodo dragon holds its ground!
The elephant trunk-slaps your komodo dragon but does no damage.
Cast which spell? (? or * to list)
Aiming: Stone Arrow (safe; 1% risk of failure)
Press: ? - help, Shift-Dir - straight line, f - elephant, p - komodo dragon
Aim: an elephant (100% to hit)
The stone arrow hits the elephant!
The elephant is lightly wounded.
Your komodo dragon bites the elephant!
The elephant tramples your komodo dragon.
Your komodo dragon holds its ground!
The elephant trunk-slaps your komodo dragon but does no damage.
The elephant closely misses you. The elephant trunk-slaps you.
Cast which spell? (? or * to list)
Aiming: Stone Arrow (safe; 1% risk of failure)
Press: ? - help, Shift-Dir - straight line, f/p - elephant
Aim: an elephant (lightly wounded, 100% to hit)
The stone arrow hits the elephant!!
The elephant is heavily wounded.
Your komodo dragon bites the elephant.
The elephant completely misses you. The elephant barely misses you.
The elephant barely misses your komodo dragon.
The elephant closely misses your komodo dragon.
Cast which spell? (? or * to list)
Aiming: Stone Arrow (safe; 1% risk of failure)
Press: ? - help, Shift-Dir - straight line, f/p - elephant
Aim: an elephant (heavily wounded, 100% to hit)
The stone arrow hits the elephant!!
The elephant is almost dead.
Your komodo dragon bites the elephant!!
The basilisk bites your komodo dragon but does no damage.
The elephant completely misses you. The elephant trunk-slaps you.
The elephant tramples your komodo dragon!!
Your komodo dragon holds its ground!
The elephant barely misses your komodo dragon.
Cast which spell? (? or * to list)
Aiming: Sandblast (safe; 1% risk of failure)
Press: ? - help, Shift-Dir - straight line, f/p - elephant
Aim: an elephant (almost dead, 100% to hit)
The blast of sand hits the elephant!!
You kill the elephant!
Sif Muna accepts your kill.
Your komodo dragon bites the elephant.
The basilisk completely misses your komodo dragon.
The elephant tramples your komodo dragon!
Your komodo dragon holds its ground!
Your komodo dragon dies!
Training target 8.0 for Invocations reached!
Your Invocations skill increases to level 8!
You need to enable at least one skill for training.
Aim the phial where?
Press: ? - help, Shift-Dir - straight line, f - hornet
Aim: a hornet The torrent of water hits the hornet!
The hornet is moderately wounded.
The hornet is engulfed in water.
The wave splashes down.
The elephant is engulfed in water.
The basilisk is engulfed in water.
The elephant is engulfed in water.
You hear a bleat!
You hear a roar!
You hear a bleat!
You hear an angry hiss.
You hear a bellow! x2; You hear an angry hiss.
You hear a loud, deep croak!
You hear a bellow! x2; You hear an angry hiss.
You hear a bellow! x2
You hear a trumpeting!
You hear an angry hiss.
You hear a loud, deep croak!
You hear an angry hiss.
You hear a bellow!
You hear a trumpeting!
The hornet closely misses you. The elephant barely misses you.
The elephant closely misses you. The basilisk bites you.
Hit: a) +3 short sword (venom)
Press: ? - help, Dir - move target, f/p - hornet
Aim: a hornet (moderately wounded, waterlogged, about 38% to evade your +3 short sword of venom)
You barely miss the hornet.
The hornet is moderately wounded.
The hornet stings you.
You are poisoned.
You suddenly lose the ability to move!
The elephant tramples you!
You are shoved backwards!
The basilisk bites the fungus!!
The fungus begins to die.
You feel very sick. The hornet stings you.
You feel yourself slow down. The elephant tramples you.
You are shoved backwards!
The basilisk bites something!
You can move again.
Unknown command.
Hit: a) +3 short sword (venom)
Press: ? - help, Dir - move target, f - elephant, p - hornet
Aim: an elephant (waterlogged, about 8% to evade your +3 short sword of venom)
You hit the elephant but do no damage.
The elephant is poisoned.
You feel very sick.
The elephant is no longer waterlogged.
The elephant tramples you.
You hold your ground!
The elephant trunk-slaps you but does no damage.
The hornet completely misses you. The elephant completely misses you.
The elephant trunk-slaps you but does no damage.
The hornet stings you!
You are more poisoned.
You shrug off the repeated paralysis!
Hit: a) +3 short sword (venom)
Press: ? - help, Dir - move target, f - hornet, p - elephant
Aim: a hornet (moderately wounded, waterlogged, about 38% to evade your +3 short sword of venom)
You hit the hornet.
The hornet is moderately wounded.
You feel very sick.
The hornet is no longer waterlogged.
The basilisk is no longer waterlogged.
The hornet barely misses you. The elephant tramples you.
You hold your ground!
The elephant trunk-slaps you. The hornet stings you!
You feel as though you will be slow longer.
Hit: a) +3 short sword (venom)
Press: ? - help, Dir - move target, f/p - hornet
Aim: a hornet (moderately wounded, about 38% to evade your +3 short sword of venom)
You hit the hornet.
The hornet is poisoned.
The hornet is heavily wounded.
You feel very sick. The hornet completely misses you.
The elephant closely misses you. The elephant barely misses you.
The hornet stings you but does no damage.
The elephant misses you.
The elephant trunk-slaps you but does no damage.
You feel better.
You feel yourself speed up. The hornet barely misses you.
The elephant completely misses you. The elephant closely misses you.
The hornet barely misses you.
Hit: a) +3 short sword (venom)
Press: ? - help, Dir - move target, f/p - hornet
Aim: a hornet (severely wounded, very poisoned, about 38% to evade your +3 short sword of venom)
You hit the hornet.
The hornet looks as sick as possible!
The hornet is almost dead.
You kill the hornet!
Sif Muna accepts your kill. The elephant misses you.
The elephant trunk-slaps you. The basilisk gazes at you.
You resist with almost no effort.
Hit: a) +3 short sword (venom)
Press: ? - help, Dir - move target, f - elephant
Aim: an elephant (lightly wounded, very poisoned, about 8% to evade your +3 short sword of venom)
You hit the elephant.
The elephant looks as sick as possible!
The elephant is lightly wounded.
The elephant barely misses you. The elephant misses you.
Cast which spell? (? or * to list)
Aiming: Stone Arrow (safe; 1% risk of failure)
Press: ? - help, Shift-Dir - straight line, f - basilisk, p - elephant
Aim: a basilisk (70% to hit)
The stone arrow hits the basilisk!!
The basilisk is severely wounded.
The elephant completely misses you.
The elephant trunk-slaps you but does no damage.
The basilisk gazes at you.
You are slowing down.
Cast which spell? (? or * to list)
Okay, then.
You feel limber!
You feel magically purged. The basilisk gazes at you.
You resist with almost no effort. The elephant tramples you.
You hold your ground!
The elephant trunk-slaps you. The elephant completely misses you.
The elephant trunk-slaps you.
Cast which spell? (? or * to list)
Aiming: Stone Arrow (safe; 1% risk of failure)
Press: ? - help, Shift-Dir - straight line, f/p - basilisk
Aim: a basilisk (severely wounded, 70% to hit)
The stone arrow misses the basilisk.
The basilisk bites you but does no damage.
The elephant tramples you!
You hold your ground!
The elephant trunk-slaps you but does no damage.
The elephant completely misses you. The elephant barely misses you.
Cast which spell? (? or * to list)
Aiming: Stone Arrow (safe; 1% risk of failure)
Press: ? - help, Shift-Dir - straight line, f/p - basilisk
Aim: a basilisk (severely wounded, 70% to hit)
The stone arrow hits the basilisk!!
You kill the basilisk!
Sif Muna accepts your kill. The elephant tramples you!
* * * LOW HITPOINT WARNING * * *
You hold your ground!
The elephant trunk-slaps you but does no damage.
The elephant closely misses you. The elephant trunk-slaps you.
* * * LOW HITPOINT WARNING * * *
Cast which spell? (? or * to list)
Aiming: Stone Arrow (safe; 1% risk of failure)
Press: ? - help, Shift-Dir - straight line, f - elephant
Aim: an elephant (lightly wounded, very poisoned, 100% to hit)
The stone arrow hits the elephant!
The elephant is moderately wounded.
The elephant misses you.
The elephant trunk-slaps you but does no damage.
The elephant tramples you but does no damage.
The elephant trunk-slaps you but does no damage.
Hit: a) +3 short sword (venom)
Press: ? - help, Dir - move target, f/p - elephant
Aim: an elephant (moderately wounded, very poisoned, about 8% to evade your +3 short sword of venom)
You hit the elephant but do no damage.
The elephant is moderately wounded.
The elephant misses you. The elephant barely misses you.
The elephant tramples you but does no damage.
The elephant trunk-slaps you but does no damage.
Hit: a) +3 short sword (venom)
Press: ? - help, Dir - move target, f/p - elephant
Aim: an elephant (moderately wounded, very poisoned, about 8% to evade your +3 short sword of venom)
You hit the elephant but do no damage.
The elephant looks as sick as possible!
The elephant is moderately wounded.
The elephant misses you. The elephant barely misses you.
The elephant tramples you but does no damage.
The elephant trunk-slaps you but does no damage.
Hit: a) +3 short sword (venom)
Press: ? - help, Dir - move target, f - elephant, p - elephant
Aim: an elephant (heavily wounded, about 8% to evade your +3 short sword of venom)
You hit the elephant.
The elephant is heavily wounded.
The elephant misses you.
The elephant trunk-slaps you but does no damage.
The elephant tramples you but does no damage.
The elephant trunk-slaps you but does no damage.
Hit: a) +3 short sword (venom)
Press: ? - help, Dir - move target, f/p - elephant
Aim: an elephant (heavily wounded, about 8% to evade your +3 short sword of venom)
You hit the elephant.
The elephant is poisoned.
The elephant is heavily wounded.
The elephant completely misses you. The elephant closely misses you.
The elephant tramples you!
* * * LOW HITPOINT WARNING * * *
You hold your ground!
The elephant closely misses you.
Hit: a) +3 short sword (venom)
Press: ? - help, Dir - move target, f/p - elephant
Aim: an elephant (heavily wounded, poisoned, about 8% to evade your +3 short sword of venom)
You barely miss the elephant.
The elephant is heavily wounded.
The elephant misses you. The elephant completely misses you.
The elephant tramples you!
* * * LOW HITPOINT WARNING * * *
You hold your ground!
The elephant completely misses you.
Hit: a) +3 short sword (venom)
Press: ? - help, Dir - move target, f/p - elephant
Aim: an elephant (heavily wounded, poisoned, about 8% to evade your +3 short sword of venom)
You hit the elephant but do no damage.
The elephant looks even sicker.
The elephant is heavily wounded.
The elephant tramples you.
* * * LOW HITPOINT WARNING * * *
You hold your ground!
The elephant trunk-slaps you.
* * * LOW HITPOINT WARNING * * *
The elephant tramples you but does no damage.
The elephant trunk-slaps you but does no damage.
Hit: a) +3 short sword (venom)
Press: ? - help, Dir - move target, f/p - elephant
Aim: an elephant (severely wounded, very poisoned, about 8% to evade your +3 short sword of venom)
You hit the elephant but do no damage.
The elephant looks as sick as possible!
The elephant is severely wounded.
The elephant misses you. The elephant barely misses you.
The elephant misses you.
The elephant trunk-slaps you but does no damage.
Cast which spell? (? or * to list)
Aiming: Stone Arrow (safe; 1% risk of failure)
Press: ? - help, Shift-Dir - straight line, f/p - elephant
Aim: an elephant (severely wounded, extremely poisoned, 100% to hit)
Okay, then.
Hit: a) +3 short sword (venom)
Press: ? - help, Dir - move target, f - elephant, p - elephant
Aim: an elephant (heavily wounded, very poisoned, about 8% to evade your +3 short sword of venom)
You hit the elephant but do no damage.
The elephant looks as sick as possible!
The elephant is heavily wounded.
The elephant barely misses you.
The elephant trunk-slaps you but does no damage.
The elephant barely misses you.
The elephant trunk-slaps you but does no damage.
Cast which spell? (? or * to list)
Aiming: Stone Arrow (safe; 1% risk of failure)
Press: ? - help, Shift-Dir - straight line, f/p - elephant
Aim: an elephant (heavily wounded, extremely poisoned, 100% to hit)
The stone arrow hits the elephant!!
The elephant is almost dead.
The blink frog croaks.
* * * LOW MAGIC WARNING * * *
The elephant closely misses you. The elephant barely misses you.
The elephant misses you. The elephant trunk-slaps you.
* * * LOW HITPOINT WARNING * * *
Cast which spell? (? or * to list)
Aiming: Sandblast (safe; 1% risk of failure)
Press: ? - help, Shift-Dir - straight line, f/p - elephant
Aim: an elephant (almost dead, extremely poisoned, 100% to hit)
The blast of sand hits the elephant!!
You kill the elephant!
Sif Muna accepts your kill.
* * * LOW MAGIC WARNING * * *
The blink frog blinks!
The elephant barely misses you. The elephant completely misses you.
Your Evocations skill increases to level 5!
The eight-headed hydra roars!
You hit the elephant.
The elephant is severely wounded.
The elephant closely misses you.
The elephant trunk-slaps you but does no damage.
You hit the elephant but do no damage.
The elephant is severely wounded.
The elephant closely misses you. The elephant misses you.
You hit the elephant but do no damage.
The elephant is almost dead.
The elephant misses you. The elephant closely misses you.
You hit the elephant but do no damage.
The elephant is almost dead.
The elephant tramples you.
* * * LOW HITPOINT WARNING * * *
You hold your ground!
The elephant misses you.
As you read the scroll of teleportation, it crumbles to dust.
You feel strangely unstable.
The blink frog blinks!
The elephant tramples you!
* * * LOW HITPOINT WARNING * * *
You hold your ground!
The elephant trunk-slaps you.
* * * LOW HITPOINT WARNING * * *
The elephant attacks as you move away! The elephant tramples you.
* * * LOW HITPOINT WARNING * * *
The elephant barely misses you.
Your surroundings suddenly seem different.
Splash!
You fall into the shallow water.
Moving in this stuff is going to be slow.
A polar bear and an elephant come into view.
Found nine items.
The polar bear growls angrily.
The sea snake hisses angrily.
The elephant trumpets!
You hear a screech!
You hear an angry hiss.
A harpy comes into view.
Unknown command.
You feel yourself speed up. Sif Muna accepts your kill.
You feel a bit more experienced. The harpy claws you! x2
The sea snake completely misses you.
A skyshark comes into view.
You enter the shallow water.
Moving in this stuff is going to be slow.
The blink frog croaks.
The harpy claws you! The harpy claws you. The skyshark closely misses you.
The skyshark tail-slaps you. The skyshark misses you.
A komodo dragon comes into view.
A wind drake comes into view.
The cane toad attacks as you move away! The cane toad misses you.
The wind drake hisses angrily.
The komodo dragon hisses angrily.
The blink frog blinks!
The skyshark barely misses you.
The skyshark tail-slaps you but does no damage.
The skyshark closely misses you.
A wyvern comes into view.
The wind drake flaps its wings at you. The air twists around and strikes you!
* * * LOW HITPOINT WARNING * * *
The harpy claws you.
* * * LOW HITPOINT WARNING * * *
The harpy claws you but does no damage. The harpy attacks as you move away!
The harpy closely misses you. The harpy completely misses you.
The wyvern hisses angrily.
The harpy completely misses you. The harpy closely misses you.
The skyshark bites you.
* * * LOW HITPOINT WARNING * * *
The skyshark tastes blood and grows stronger!
The skyshark tail-slaps you but does no damage.
The skyshark tail-slaps you!
* * * LOW HITPOINT WARNING * * *
Okay, then.
Okay, then.
The cane toad stings you!
Keep disrobing?
* * * LOW HITPOINT WARNING * * *
The skyshark bites you!
* * * LOW HITPOINT WARNING * * *
The skyshark enters a blood-rage!
The skyshark misses you. The skyshark tail-slaps you!
* * * LOW HITPOINT WARNING * * *
You start removing your armour.
You continue taking off your +0 helmet.
The harpy claws you!
* * * LOW HITPOINT WARNING * * *
The harpy closely misses you. The cane toad misses you.
The skyshark bites you but does no damage.
The skyshark tail-slaps you.
You die...

....#~~.~.~#~~~##~~#~~~~#~~,,,...
...##~~##~~.~~~.~~~~8~~~#~~**,...
...#...#*~~.⌠~~~~~~.~~.⌠*~~**~...
.....#.~~~~#####~~~~#####~~~~~~..
##...,.~~~~#.~~~~~.~~~~~#~~~~~#..
,*,*,,,**~~~.#~#~88~#~~~#~,**,,,,
*,**,,,~*~~#~~~~~Sh~~~~.#~~*~,,,*
,***,~~,~P~#~~~##FY###~##~~~~~,,*
,****~~~~~.~~~~~@l~~~~~~~~~~~,,,*
,,**,,~*~~~##~~##~~#~~~~~~~**~,**
,,,,,,~*~~~*#~~~#Hl##.~##~~*,,,**
,,,,,,~,~~~~~~~~.~:...~F~~~~~,,*,
,*,,,,,,*,#~**,#.§..F.P..,,,,,,,,
**,,,,,,,..,,,,.....l....,,,,,,,*
*,,,*,,,.,,,,,.....F...,,***,,**
*,,,,,*,**,,,,,,.......,,* ****
*,,,,*******,,,,,,,,,,,,********


You could see a skyshark (berserk), an elephant, a sea snake, a polar bear, a
komodo dragon, 2 cane toads, a harpy, a blink frog and a wyvern.

Vanquished Creatures
  3 hydras
  A catoblepas (Lair:4)
  Sonja (Lair:3)
  A fire crab (Lair:3)
  A skyshark (Lair:4)
  4 elephants (Lair:5)
  4 black mambas
  A torpor snail (Lair:4)
  Maggie (Lair:2)
  4 komodo dragons
  14 cane toads
  3 rime drakes
  4 polar bears
  A hornet (Lair:5)
  A troll (D:9)
  6 dream sheep (Lair:3)
  A blink frog (Lair:4)
  A shadow (D:9)
  A wyvern (Lair:5)
  2 basilisks
  16 yaks
  2 redbacks (Lair:2)
  Menkaure (D:5)
  8 water moccasins
  2 black bears
  2 orc warriors
  2 ice beasts (D:9)
  3 wolves
  A centaur (D:8)
  A kobold brigand (D:8)
  4 phantoms
  13 bullfrogs
  A scorpion (D:4)
  7 wights
  8 killer bees
  2 howler monkeys
  An electric eel (Lair:1)
  2 orc priests
  2 gnoll boudas
  2 hounds (D:5)
  A sleepcap (D:4)
  5 orc wizards
  5 adders
  11 gnolls
  2 shadow imps
  A white imp (D:6)
  20 orcs
  6 endoplasms
  2 giant cockroaches (D:4)
  3 goblins
  3 hobgoblins
  9 kobolds
  2 quokkas (D:4)
  2 ball pythons
  A bat (D:1)
  2 frilled lizards
210 creatures vanquished.

Vanquished Creatures (collateral kills)
  6 yaks (Lair:2)
  An orc priest (D:7)
7 creatures vanquished.

Vanquished Creatures (others)
  A komodo dragon (Lair:5)
  An iguana (D:6)
  24 fungi
  36 plants
62 creatures vanquished.

Grand Total: 279 creatures vanquished

Notes
Turn   | Place    | Note
-------+----------+-------------------------------------------
     0 | D:1      | jagoly the Meteoran Earth Elementalist began the quest for
                  | the Orb.
     0 | D:1      | Reached XP level 1. HP: 14/14 MP: 5/5
    55 | D:1      | You fall into a shaft and drop 1 floor!
    60 | D:2      | Reached XP level 2. HP: 20/20 MP: 6/6
   121 | D:2      | Reached XP level 3. HP: 26/26 MP: 6/8
   328 | D:5      | Entered Level 5 of the Dungeon
   328 | D:5      | Noticed a howler monkey
   330 | D:5      | Killed a howler monkey
   331 | D:5      | Reached XP level 4. HP: 33/33 MP: 7/11
   334 | D:5      | Learned a level 2 spell: Passwall
   338 | D:5      | Learned a level 3 spell: Stone Arrow
   371 | D:4      | Noticed a scorpion
   375 | D:4      | Killed a scorpion
   376 | D:4      | Reached skill level 5 in Earth Magic
   376 | D:4      | Reached XP level 5. HP: 38/38 MP: 9/12
   431 | D:5      | Reached XP level 6. HP: 42/45 MP: 8/13
   517 | D:5      | Noticed Menkaure
   519 | D:5      | Killed Menkaure
   520 | D:5      | Reached skill level 5 in Conjurations
   520 | D:5      | Reached skill level 1 in Fighting
   520 | D:5      | Reached XP level 7. HP: 53/53 MP: 8/14
   848 | D:5      | Reached XP level 8. HP: 23/64 MP: 1/15
  1261 | D:6      | Reached skill level 5 in Fighting
  1261 | D:6      | Reached skill level 5 in Dodging
  1278 | D:6      | Gained mutation: You passively map the area around you.
                  | [Meteoran growth]
  1278 | D:6      | Reached XP level 9. HP: 74/74 MP: 13/16
  1976 | D:7      | Reached skill level 5 in Spellcasting
  2043 | D:7      | Found a staircase to the Ecumenical Temple.
  2050 | Temple   | Entered the Ecumenical Temple
  2121 | Temple   | Became a worshipper of Sif Muna the Loreminder
  2226 | D:9      | Noticed a troll
  2425 | D:8      | Found an ornate altar of the Wu Jian Council.
  2425 | D:8      | Found a hazy altar of Hepliaklqana.
  2426 | D:8      | Found a bloodstained altar of Trog.
  2527 | D:8      | Reached XP level 10. HP: 50/84 MP: 8/18
  2609 | D:9      | Noticed a rime drake
  2615 | D:9      | Killed a rime drake
  2641 | D:9      | Found a staircase to the Lair.
  2669 | D:9      | Reached * piety under Sif Muna
  2903 | D:10     | Entered Level 10 of the Dungeon
  3026 | D:9      | Reached XP level 11. HP: 95/95 MP: 7/20
  3038 | D:9      | Found a staircase to the Orcish Mines.
  3060 | Lair:1   | Entered Level 1 of the Lair of Beasts
  3192 | Lair:1   | Noticed a death yak
  3192 | Lair:1   | Noticed a death yak
  3193 | Lair:1   | Noticed a death yak
  3193 | Lair:1   | Noticed a death yak
  3194 | Lair:1   | Noticed a death yak
  3306 | Lair:2   | Noticed a skyshark
  3317 | Lair:2   | Reached skill level 10 in Earth Magic
  3328 | Lair:2   | HP: 3/97 [skyshark (4)]
  3359 | Lair:2   | Reached ** piety under Sif Muna
  3368 | Lair:2   | Learned a level 4 spell: Petrify
  3372 | Lair:2   | Found a hole to the Spider Nest.
  3438 | Lair:2   | Noticed Maggie
  3445 | Lair:2   | Killed Maggie
  3446 | Lair:2   | Reached skill level 10 in Dodging
  3563 | Lair:2   | Reached skill level 10 in Fighting
  3565 | Lair:2   | Reached skill level 5 in Transmutations
  3719 | Lair:3   | Noticed a four-headed hydra
  3724 | Lair:3   | Killed a four-headed hydra
  3725 | Lair:3   | Reached skill level 1 in Throwing
  3725 | Lair:3   | Reached XP level 12. HP: 75/106 MP: 6/22
  3727 | Lair:3   | Noticed a fire crab
  3739 | Lair:3   | Killed a fire crab
  3806 | Lair:3   | Noticed Sonja
  3816 | Lair:3   | Killed Sonja
  4323 | Lair:4   | Reached *** piety under Sif Muna
  4333 | Lair:4   | Reached XP level 13. HP: 115/115 MP: 10/26
  4386 | Lair:4   | Noticed a catoblepas
  4386 | Lair:4   | Noticed an eight-headed hydra
  4405 | Lair:4   | Killed a catoblepas
  4445 | Lair:4   | Killed an eight-headed hydra
  4511 | Lair:4   | Identified the +7 flail of Doomed Absolution {drain, rC+
                  | rCorr}
  4513 | Lair:4   | Noticed a five-headed hydra
  4598 | Lair:4   | Killed a five-headed hydra
  4688 | Lair:5   | Entered Level 5 of the Lair of Beasts
  4706 | Lair:5   | Noticed a death yak
  4706 | Lair:5   | Noticed a death yak
  4706 | Lair:5   | Noticed a death yak
  4720 | Lair:5   | Found a runed translucent gate.
  4720 | Lair:5   | Found a runed translucent gate.
  4720 | Lair:5   | Found a runed translucent gate.
  4721 | Lair:5   | Noticed Zimaveycw's ghost (journeyman OpFi)
  4766 | Lair:5   | Noticed a catoblepas
  4776 | Lair:5   | HP: 4/118 [yak (4)]
  4833 | Lair:4   | Reached skill level 5 in Invocations
  4872 | Lair:5   | Noticed an eight-headed hydra
  4947 | Lair:4   | You fall into a shaft and drop 1 floor!
  4947 | Lair:5   | Found a viscous altar of Jiyva.
  4957 | Lair:5   | Found a staircase to the Slime Pits.
  4987 | Lair:5   | Paralysed by a hornet for 2 turns
  5010 | Lair:5   | Reached skill level 5 in Evocations
  5018 | Lair:5   | Found the +8 trident of the Octopus King {venom, rElec
                  | rPois}
  5026 | Lair:5   | HP: 1/118 [harpy (8)]
  5026 | Lair:5   | Slain by a skyshark

Illustrated notes

Levels and vault maps discovered:
D:1:      lemuel_arrival_rhombus, layout_loops_ring,
          shapermc_ecumenical_altar_petra
D:2:      minmay_angry_zag, layout_basic, uniq_natasha
D:3:      layout_rooms, nicolae_elevator_lobby_plus
D:4:      layout_cave_pools
D:5:      nicolae_cairo_tiling, layout_rooms, uniq_menkaure
D:6:      dreamdust_elfheim, layout_basic, minmay_misc_feat_secret_circle,
          kennysheep_diamond, lemuel_flamethrower_2
D:7:      layout_gridville, minmay_temple_entry_nine_rooms
D:8:      layout_loops_ring, nicolae_overflow_quartered_altars,
          kennysheep_small_square
D:9:      layout_rooms, hellmonk_lair_entry_icy
D:10:     layout_cave_pools, grunt_decor_clamped, st_stairs_10
Temple:   eino_narrow_crystal_temple
Lair:1:   layout_gridlike, cheibrodos_lair_caveside_slide, lemuel_fruit_fields,
          serial_bayou_shore_b, lemuel_fruit_fields
Lair:2:   layout_layer_cave, spider_nest_entry_webs, beast_lair_carwin_2,
          grunt_megastairs_3, lemuel_fruit_fields, uniq_maggie
Lair:3:   layout_regular_city, minmay_swamp_entry_worms, guppyfry_lair_drakes,
          infiniplex_staircase_pool_2, uniq_sonja
Lair:4:   nzn_winding_woodlands_medium [nzn_winding_woodlands_hourglass,
          nzn_winding_woodlands_5x15_twine, nzn_winding_woodlands_5x5_open_star,
          nzn_winding_woodlands_5x5_cross, nzn_winding_woodlands_center_lodge,
          nzn_winding_woodlands_5x5_default,
          nzn_winding_woodlands_5x5_checkerboard,
          nzn_winding_woodlands_5x15_parted, nzn_winding_woodlands_5x5_default],
          layout_layer_cave, serial_bayou_shore_b
Lair:5:   gammafunk_lair_ancient_temple, layout_misc_corridors,
          dpeg_slime_entry_corner, gammafunk_ghost_necromancy, minivault_25

Skill      XL: |  1  2  3  4  5  6  7  8  9 10 11 12 13 |
---------------+----------------------------------------+-----
Spellcasting   | 3 4 5 6 8 |  8.0
Earth Magic    | 4 5 6 7 8 10 | 10.0
Stealth        | 2 3 |  3.0
Conjurations   | 2 3 5 6 7 8 |  8.0
Fighting       | 1 3 5 6 8 10 12 | 12.0
Transmutations | 2 6 7 8 |  8.0
Dodging        | 3 5 6 8 10 11 12 | 12.0
Throwing       | 1 2 |  2.0
Evocations     | 2 4 5 |  5.6
Invocations    | 8 |  8.0

Action                     |  1- 3 |  4- 6 |  7- 9 | 10-12 | 13-15 || total
---------------------------+-------+-------+-------+-------+-------++-------
  Melee: Short sword       |       |       |     5 |    96 |    55 ||   156
         Punch             |       |       |       |     3 |     1 ||     4
  Throw: Stone             |       |     1 |     2 |       |     2 ||     5
         Dart              |       |       |     4 |    17 |     9 ||    30
         Throwing net      |       |       |       |       |     2 ||     2
   Cast: Sandblast         |    26 |    25 |    91 |    88 |    12 ||   242
         Stone Arrow       |       |     2 |    46 |   129 |    54 ||   231
         Passwall          |       |       |       |     3 |     2 ||     5
         Petrify           |       |       |       |     7 |     9 ||    16
  Evoke: Wand              |       |       |     3 |     3 |    12 ||    18
         Phial of floods   |       |       |       |       |     1 ||     1
    Use: Scroll            |       |       |     5 |     7 |     7 ||    19
         Potion            |       |       |     2 |       |     9 ||    11
   Stab: Petrified         |       |       |       |    11 |    17 ||    28
 Armour: Robe              |     1 |     2 |    11 |     1 |       ||    15
         Troll leather arm |       |       |       |    22 |    61 ||    83
  Dodge: Dodged            |     6 |     4 |    64 |   172 |   189 ||   435
  Block: Other             |       |       |    24 |    37 |       ||    61
         Reflection        |       |       |       |     1 |       ||     1
